 Dungeon Crawl Stone Soup version 0.29-a0-649-g45c230d (webtiles) character file.

Game seed: 15840552840491399048

497404 Illumine the Wrestler (level 23, -11/241 HPs)
             Began as a Troll Cinder Acolyte on June 20, 2022.
             Was an Initiate of Ignis.
             Mangled by a spriggan berserker
             ... wielding a +0 antimagic war axe
              (20 damage)
             ... while paralysed by a floating eye
             ... on level 3 of the Depths on June 21, 2022.
             The game lasted 02:32:21 (46388 turns).

Illumine the Wrestler (Troll Cinder Acolyte)       Turns: 46388, Time: 02:32:21

Health: -11/241    AC: 17    Str: 30    XL:     23   Next: 98%
Magic:  0/23       EV:  1    Int: 10    God:    Ignis [......]
Gold:   4192       SH:  0    Dex: 17    Spells: 22/24 levels left

rFire   + + +      SeeInvis +     - Unarmed
rCold   + . .      Faith    .   y - +4 tower shield {rC+ rF+}
rNeg    . . .      Spirit   .   I - +1 fire dragon scales
rPois   +          Reflect  +   Y - +3 hat of Courage {rPois Will+ SInv}
rElec   +          Harm     .   B - scarf {rC+ rF+}
rCorr   +          Rampage  .   (gloves unavailable)
Will    +++..                   (boots unavailable)
Stlth   ..........              h - amulet of reflection
HPRegen 1.30/turn               i - ring of resist corrosion
MPRegen 0.18/turn               t - ring "Pox Afu" {Contam rElec Will+ Dex+6 Slay+2}

@: paralysed, studying Fighting
A: large, unfitting armour, claws 3, regeneration 1, shaggy fur 1, tough skin 1
}: 2/15 runes: serpentine, barnacled
a: Renounce Religion, Rising Flame


You were on level 3 of the Depths.
You worshipped Ignis.
Ignis was noncommittal.
You visited 8 branches of the dungeon, and saw 42 of its levels.
You visited 1 bazaar.
You also visited: Bailey, Ice Cave and Wizlab.

You collected 6879 gold pieces.
You spent 2687 gold pieces at shops.

Inventory:

Hand Weapons
 a - the +7 long sword of the Flying Big Fish {flame, rN+ MP+9 Str+2 Dex-4}
   (You found it on level 3 of the Elven Halls)

   It burns those it strikes, dealing additional fire damage.
   Big, fiery blades are also staple armaments of hydra-hunters.
   Str:       It affects your strength (+2).
   Dex:       It affects your dexterity (-4).
   rN:        It protects you from negative energy.
   MP:        It affects your magic capacity (+9).
 w - the +9 heavy crossbow "Sniper" {vorpal, Acc+∞ SInv}
   (You found it on level 6 of the Lair of Beasts)

   Any ammunition fired from it inflicts extra damage upon your enemies.
   Any ammunition fired from it never misses its target.
   SInv:      It lets you see invisible.
Missiles
 Q - 11 silver javelins
 R - 2 throwing nets
 U - 18 javelins
 Z - 57 large rocks (quivered)
Armour
 y - a +4 tower shield of resistance (worn)
 B - a scarf of resistance (worn)
 I - +1 fire dragon scales (worn)
 Y - the +3 hat of Courage (worn) {rPois Will+ SInv}
   (You acquired it on level 2 of the Orcish Mines)

   rPois:     It protects you from poison.
   SInv:      It lets you see invisible.
   Will:      It increases your willpower.
Jewellery
 c - a ring of protection from cold
 h - an amulet of reflection (around neck)
 i - a ring of resist corrosion (left claw)
 m - the ring "Ynkausip" {*Corrode rC+ MP+9 Str+4 Int+4}
   (You took it off a minotaur on level 3 of the Shoals)

   [ring of magical power]

   Str:       It affects your strength (+4).
   Int:       It affects your intelligence (+4).
   rC:        It protects you from cold.
   MP:        It affects your magic capacity (+9).
   *Corrode:  It may corrode you when you take damage.
 t - the ring "Pox Afu" (right claw) {Contam rElec Will+ Dex+6 Slay+2}
   (You bought it in a shop on level 2 of the Orcish Mines)

   [ring of willpower]

   Dex:       It affects your dexterity (+6).
   Slay:      It affects your accuracy & damage with ranged weapons and melee
   (+2).
   rElec:     It insulates you from electricity.
   Contam:    It causes magical contamination when unequipped.
   Will:      It increases your willpower.
 C - a ring of protection from fire
 J - a ring of positive energy
 O - the ring "Baticef" {Will+ EV+4 Int-5 Dex+3 Slay+2}
   (You found it on level 8 of the Dungeon)

   [ring of evasion]

   EV:        It affects your evasion (+4).
   Int:       It affects your intelligence (-5).
   Dex:       It affects your dexterity (+3).
   Slay:      It affects your accuracy & damage with ranged weapons and melee
   (+2).
   Will:      It increases your willpower.
 V - a ring of flight
Wands
 e - a wand of mindburst (9)
 j - a wand of iceblast (28)
 s - a wand of digging (4)
 x - a wand of flame (44)
 L - a wand of charming (33)
 W - a wand of light (22)
 X - a wand of polymorph (28)
Scrolls
 n - 7 scrolls of fear
 o - a scroll of magic mapping
 p - 18 scrolls of teleportation
 r - 15 scrolls of fog
 v - 2 scrolls of immolation
 z - 3 scrolls of blinking
 E - 3 scrolls of torment
 F - 2 scrolls of poison
 H - 6 scrolls of vulnerability
Potions
 b - a potion of resistance
 d - 3 potions of cancellation
 g - 19 potions of curing
 k - 4 potions of mutation
 l - 7 potions of flight
 q - 6 potions of ambrosia
 u - 7 potions of lignification
 A - 4 potions of heal wounds
 D - 3 potions of might
 G - 4 potions of invisibility
 M - 6 potions of haste
 P - 8 potions of attraction
 T - 4 potions of berserk rage
Miscellaneous
 f - a phial of floods
 N - a tin of tremorstones (2/2)
 S - a phantom mirror (inert)


   Skills:
 + Level 16.9 Fighting
 - Level 4.0 Long Blades
 - Level 4.1 Crossbows
 - Level 6.2 Throwing
 + Level 10.7 Armour
 - Level 12.0 Dodging
 - Level 1.0 Stealth
 + Level 16.5 Shields
 * Level 24.9 Unarmed Combat
 - Level 1.0 Spellcasting
 - Level 2.1 Fire Magic
 - Level 5.0 Evocations


You had 22 spell levels left.
You knew the following spells:

 Your Spells              Type           Power      Damage    Failure   Level
a - Scorch                Fire           8%         2d5       71%         2

Your spell library contained the following spells:

 Spells                   Type           Power      Damage    Failure   Level
 Beastly Appendage        Tmut           0%         N/A       86%         1
 Magic Dart               Conj           0%         1d3       86%         1
 Necrotize                Necr           0%         1d4       86%         1
 Blink                    Tloc           0%         N/A       94%         2
 Call Imp                 Summ           0%         N/A       94%         2
 Poisonous Vapours        Pois/Air       0%         N/A       94%         2
 Static Discharge         Conj/Air       0%         N/A       94%         2
 Sublimation of Blood     Necr           0%         N/A       94%         2
 Wereblood                Tmut           0%         N/A       94%         2
 Conjure Flame            Conj/Fire      2%         6-21      97%         3
 Ignite Poison            Fire/Tmut/Pois 1%         N/A       98%         3
 Frozen Ramparts          Ice            0%         1d2       99%         3
 Gell's Gravitas          Tloc           0%         N/A       99%         3
 Lesser Beckoning         Tloc           0%         N/A       99%         3
 Mephitic Cloud           Conj/Pois/Air  0%         N/A       99%         3
 Ozocubu's Armour         Ice            0%         N/A       99%         3
 Spider Form              Tmut/Pois      0%         N/A       99%         3
 Teleport Other           Tloc           0%         N/A       99%         3
 Vampiric Draining        Necr           0%         2d6       99%         3
 Airstrike                Air            0%         N/A       100%        4
 Animate Armour           Summ/Erth      0%         N/A       100%        4
 Cause Fear               Hex            0%         N/A       100%        4
 Corpse Rot               Necr/Pois/Air  0%         N/A       100%        4
 Dispel Undead            Necr           0%         3d6       100%        4
 Flame Wave               Conj/Fire      2%         2d4       100%        4
 Hailstorm                Conj/Ice       0%         3d3       100%        4
 Ice Form                 Ice/Tmut       0%         N/A       100%        4
 Sticky Flame             Conj/Fire      2%         2d3       100%        4
 Summon Ice Beast         Ice/Summ       0%         N/A       100%        4
 Summon Lightning Spire   Summ/Air       0%         N/A       100%        4
 Agony                    Necr           0%         N/A       100%        5
 Alistair's Intoxication  Tmut/Pois      0%         N/A       100%        5
 Blade Hands              Tmut           0%         N/A       100%        5
 Borgnjor's Vile Clutch   Necr/Erth      0%         N/A       100%        5
 Fireball                 Conj/Fire      1%         3d3       100%        5
 Freezing Cloud           Conj/Ice/Air   0%         6-21      100%        5
 Lee's Rapid Deconstruct  Erth           0%         3d5*      100%        5
 Lightning Bolt           Conj/Air       0%         1d11      100%        5
 Manifold Assault         Tloc           0%         N/A       100%        5
 Metabolic Englaciation   Hex/Ice        0%         N/A       100%        5
 Conjure Ball Lightning   Conj/Air       0%         3x3d6     100%        6
 Death Channel            Necr           0%         N/A       100%        6
 Dispersal                Tloc           0%         N/A       100%        6
 Eringya's Noxious Bog    Tmut/Pois      0%         N/A       100%        6
 Iron Shot                Conj/Erth      0%         9d1       100%        6
 Simulacrum               Ice/Necr       0%         N/A       100%        6
 Starburst                Conj/Fire      1%         6d3       100%        6
 Summon Cactus Giant      Summ           0%         N/A       100%        6
 Dragon Form              Tmut           0%         N/A       100%        7
 Storm Form               Tmut/Air       0%         N/A       100%        7
 Summon Hydra             Summ           0%         N/A       100%        7
 Discord                  Hex            0%         N/A       100%        8
 Disjunction              Tloc           0%         N/A       100%        8
 Ignition                 Fire           2%         3d3       100%        8
 Maxwell's Capacitive Co  Air            0%         ∞         100%        8
 Chain Lightning          Conj/Air       0%         N/A       100%        9
 Dragon's Call            Summ           0%         N/A       100%        9
 Fire Storm               Conj/Fire      1%         7d1       100%        9
 Shatter                  Erth           0%         3d5*      100%        9


Dungeon Overview and Level Annotations

Branches:
Dungeon (15/15)            Temple (0/1) D:5            Lair (6/6) D:8
 Shoals (4/4) Lair:4        Snake (4/4) Lair:3        Slime (0/5) Lair:6
    Orc (2/2) D:10            Elf (3/3) Orc:2        Vaults (5/5) D:14
  Crypt (0/3) Vaults:2     Depths (3/4) D:15         Bailey (visited)
  IceCv (visited)          WizLab (visited)

Altars:
Ashenzari
Cheibriados
Dithmenos
Elyvilon
Fedhas
Gozag
Makhleb
Nemelex Xobeh
Qazlal
Sif Muna
Uskayaw
Vehumet
Zin
The Shining One
Beogh

Shops:
D:1 ==   D:7 (   D:10 (   D:14 (   D:15 =   Orc:2 =?[(   Elf:1 (   Elf:2 ?
Snake:1 !?[[   Vaults:1 *=:**   Depths:1 ?*

Portals:
Hell: Depths:1 Depths:2
Abyss: Depths:2
Pandemonium: Depths:2
Ziggurat: Depths:1

Annotations:
Lair:2 exclusion: 2 oklob plants
Snake:2 Filu's ghost, journeyman FeMo
Snake:3 Mlioglotl
Elf:2 3 runed translucent doors
Vaults:3 Xtahua


Innate Abilities, Weirdness & Mutations

You are too large for most types of armour.
You have claws for hands.
Your natural rate of healing is unusually fast.
You are covered in fur. (AC +1)
You have tough skin. (AC +1)


Message History

You block the spriggan rider's attack.
You catch the helpless spriggan defender completely off-guard!
You scratch the spriggan defender.
The spriggan defender is moderately wounded.
You block the spriggan defender's attack.
The floating eye gazes piercingly through you!
You shrug off the repeated paralysis!
You miss the spriggan defender.
The spriggan defender is moderately wounded.
The spriggan defender hits you with a +2 flail of holy wrath!
A spriggan berserker comes into view. It is wielding a +0 antimagic war axe.
You miss the spriggan defender.
The spriggan defender is moderately wounded.
The fire giant is no longer blind.
You block the spriggan defender's attack.
The floating eye seems to glare at you.
You eviscerate the spriggan defender!!!
You kill the spriggan defender!
The spriggan berserker mumbles some strange prayers to Trog.
The spriggan berserker goes berserk!
The spriggan berserker rages.
You hear a deafening roar!
You closely miss the spriggan berserker.
You block the spriggan berserker's attack.
You block the spriggan rider's attack.
You barely miss the spriggan berserker.
You block the spriggan berserker's attack.
The floating eye gazes piercingly through you!
You suddenly lose the ability to move!
The spriggan berserker hits you with a +0 antimagic war axe!!!
* * * LOW HITPOINT WARNING * * *
You feel your power leaking away.
The spriggan rider hits you from afar with a +0 spear!!
* * * LOW HITPOINT WARNING * * *
The floating eye's view fixates on you.
The spriggan berserker hits you with a +0 antimagic war axe!!
* * * LOW HITPOINT WARNING * * *
The spriggan rider hits you but does no damage.
The spriggan berserker hits you with a +0 antimagic war axe!!
You die...

#.# ###### #.# .....#
#.# .P.P.## #.#
.._...# #.# .P.P..#
#.# ......# #.#
##.#..# #@# ≈ ##.##.#
#i# .≈ ......#
#i####..≈ ##.####
#######CE...E.. #.#
#......GE..#... ##.##
#......>...# ....#
##..........#
##..#####.........>.#
##........###'###...#


You could see a fire giant, a spriggan rider, a spriggan berserker (berserk), 2
water elementals and a floating eye (charged).

Vanquished Creatures
  Mara (Vaults:2)
  Sojobo (Depths:3)
  Saint Roka (Vaults:4)
  Vashnia (Snake:2)
  A caustic shrike (Depths:2)
  Nikola (Snake:2)
  A tentacled monstrosity (Depths:2)
  A lich (Depths:2)
  2 deep elf blademasters
  A titan (Depths:2)
  6 deep elf master archers
  3 thorn hunters (WizLab)
  3 sphinxes
  Frances (Snake:2)
  3 tengu reavers (Depths:3)
  2 storm dragons
  9 nagarajas
  3 fenstrider witches (WizLab)
  3 fire giants
  4 frost giants
  An iron dragon (Depths:3)
  7 deep elf sorcerers
  2 orc warlords
  11 vault wardens
  A deep elf elementalist (Elf:2)
  Aizul (Lair:3)
  Louise (Snake:3)
  A spriggan defender (Depths:3)
  8 ironbound thunderhulks
  22 ironbound preservers
  8 stone giants
  An eleionoma (WizLab)
  7 very ugly things
  A war gargoyle (Vaults:4)
  8 deep elf demonologists
  2 vampire knights
  5 dire elephants
  2 minotaurs (Shoals:3)
  2 deep elf annihilators (Elf:3)
  7 spark wasps (Depths:1)
  2 eidola (Vaults:2)
  5 merfolk impalers
  Snorg (D:11)
  5 ettins
  4 fire dragons
  5 deep elf death magi
  A crystal guardian (Vaults:4)
  Josephine (D:14)
  4 merfolk javelineers
  6 great orbs of eyes
  A deep elf high priest (Elf:3)
  4 hydras
  2 shambling mangroves (WizLab)
  5 yaktaur captains
  A rakshasa (Depths:3)
  A salamander tyrant (Snake:4)
  8 ice dragons
  2 merfolk avatars
  2 spriggan air magi
  2 boulder beetles
  3 ogre magi
  15 two-headed ogres
  14 vault guards
  2 peacekeepers (Vaults:4)
  A spriggan skeleton (Depths:1)
  7 anacondas
  3 catoblepae
  A caustic shrike simulacrum (IceCv)
  15 centaur warriors
  2 merfolk aquamancers (Shoals:3)
  3 alligator snapping turtles
  20 dancing weapons
  6 naga warriors
  A death knight (Vaults:2)
  11 ironbound frosthearts
  A deep troll shaman (Depths:2)
  5 deep troll earth magi
  13 satyrs
  A vampire mage (Depths:3)
  4 tengu warriors
  17 naga sharpshooters
  12 death yaks
  Sonja (Lair:4)
  15 shock serpents
  An orc high priest (Elf:2)
  Urug (D:11)
  6 hell knights (Depths:2)
  8 deep elf knights
  6 salamander mystics
  A goliath frog (Lair:6)
  3 iron trolls (Depths:2)
  5 naga ritualists
  7 sea snakes
  A death drake (shapeshifter) (Vaults:4)
  A glowing orange brain (Depths:1)
  A skeletal warrior (Vaults:2)
  75 deep trolls
  11 deep elf archers
  An orange crystal statue (IceCv)
  A bog body (IceCv)
  18 ironbound convokers
  An obsidian statue (IceCv)
  4 necromancers
  18 harpies
  13 lindwurms
  5 orc knights
  8 wizards
  32 deep elf pyromancers
  5 mana vipers
  32 deep elf zephyrmancers
  2 oklob plants (WizLab)
  20 ugly things
  A wolf spider (shapeshifter) (Depths:2)
  14 fauns
  2 orc sorcerers (Vaults:4)
  15 manticores
  16 salamanders
  4 cyclopes
  The ghost of Dega the Whirler, a novice SpHu of Hepliaklqana (D:7)
  2 merfolk sirens
  5 guardian serpents
  24 naga magi
  A rust devil (Depths:2)
  11 vault sentinels
  23 elephants
  A gargoyle (D:9)
  29 black mambas
  23 cane toads
  A smoke demon (Depths:1)
  3 water nymphs (Shoals:3)
  A kobold demonologist (D:13)
  An unseen horror (D:12)
  Maggie (D:6)
  11 komodo dragons
  5 rime drakes
  15 yaktaurs
  An anaconda simulacrum (IceCv)
  12 trolls
  5 freezing wraiths (IceCv)
  6 tengu conjurers
  2 entropy weaver simulacra (IceCv)
  23 merfolk
  4 hornets (WizLab)
  2 polar bears (Lair:4)
  3 tyrant leeches (Lair:6)
  Grinder (D:4)
  10 snapping turtles
  21 slime creatures
  14 blink frogs
  6 wind drakes
  7 dream sheep
  A vampire (D:11)
  26 water elementals
  5 wyverns
  4 basilisks
  41 yaks
  5 wraiths
  2 fire elementals (Elf:2)
  2 minotaur simulacra (IceCv)
  A dire elephant simulacrum (IceCv)
  11 vampire mosquitoes
  A redback (shapeshifter) (D:14)
  3 steam dragons
  A harpy simulacrum (IceCv)
  5 wargs
  A human zombie (Depths:1)
  40 nagas
  11 water moccasins
  2 acid dragons
  A floating eye (Depths:1)
  25 orc warriors
  2 ettin simulacra
  A sky beast (D:7)
  An alligator simulacrum (IceCv)
  6 boggarts
  A black bear (D:5)
  31 wolves
  20 ogres
  10 centaurs
  A kobold brigand (D:10)
  22 bullfrogs
  4 deep troll simulacra (IceCv)
  4 necrophages
  9 gnoll sergeants
  4 scorpions
  8 earth elementals
  4 wights (D:9)
  4 killer bees
  10 howler monkeys
  10 electric eels
  4 hounds
  4 jellies
  20 orc priests
  Crazy Yiuf (D:4)
  8 gnoll shamans
  2 iguanas (D:5)
  Ijyb (D:4)
  20 orc wizards
  6 hell rats (Lair:6)
  A mummy (D:6)
  27 gnolls
  6 adders
  3 shadow imps
  A white imp (D:5)
  An ufetubus (D:5)
  3 worms
  4 dart slugs
  72 orcs
  4 endoplasms
  6 giant cockroaches
  8 hobgoblins
  8 jackals (D:1)
  15 kobolds
  3 quokkas
  9 ball pythons
  9 bats
  3 frilled lizards (D:2)
  13 goblins
  3 hobgoblin zombies (D:6)
  An orc zombie (D:6)
  3 rats
  3 briar patches (WizLab)
  A butterfly (Lair:4)
  A plant (Shoals:1)
1609 creatures vanquished.

Vanquished Creatures (collateral kills)
  Asterion (Vaults:1)
  Donald (Vaults:1)
  A deep troll (Vaults:1)
  2 slime creatures (Vaults:1)
  An elephant (Lair:6)
  A vault sentinel (Vaults:1)
  2 gnoll sergeants (Bailey)
  A gnoll (D:8)
10 creatures vanquished.

Vanquished Creatures (others)
  A salamander mystic (Snake:2)
  A wizard (Vaults:4)
  A black mamba (Snake:2)
  2 guardian serpents
  A merfolk (Shoals:4)
  A water elemental (D:15)
  A gnoll (Bailey)
  An orc (D:8)
  A bush (Depths:3)
  A butterfly (Depths:3)
  49 fungi
  159 plants
219 creatures vanquished.

Grand Total: 1838 creatures vanquished

Notes
Turn   | Place    | Note
-------+----------+-------------------------------------------
     0 | D:1      | Illumine the Troll Cinder Acolyte began the quest for the
                  | Orb.
     0 | D:1      | Reached XP level 1. HP: 22/22 MP: 1/1
   135 | D:1      | Reached skill level 1 in Unarmed Combat
   153 | D:1      | Reached XP level 2. HP: 25/29 MP: 2/2
   195 | D:1      | Found a faded altar of an unknown god.
   280 | D:1      | Reached skill level 2 in Unarmed Combat
   424 | D:1      | Found Huhaivoh's Jewellery Shoppe.
   480 | D:1      | Reached XP level 3. HP: 35/36 MP: 3/3
   482 | D:1      | Found Jijan's Jewellery Boutique.
   803 | D:2      | Reached skill level 3 in Unarmed Combat
  1245 | D:2      | Reached XP level 4. HP: 44/44 MP: 4/4
  1273 | D:2      | Learned a level 2 spell: Scorch
  1817 | D:3      | Reached skill level 4 in Unarmed Combat
  1847 | D:3      | Noticed a scorpion
  1854 | D:3      | Killed a scorpion
  1855 | D:3      | Reached XP level 5. HP: 45/50 MP: 5/5
  1918 | D:3      | Found a broken altar of Ashenzari.
  1932 | D:3      | Reached skill level 5 in Unarmed Combat
  2275 | D:4      | Found a glowing silver altar of Zin.
  2406 | D:4      | Noticed Grinder
  2416 | D:4      | Paralysed by Grinder for 5 turns
  2594 | D:4      | Noticed Ijyb
  2600 | D:4      | Killed Ijyb
  2601 | D:4      | Reached XP level 6. HP: 52/59 MP: 6/6
  2721 | D:4      | Reached skill level 6 in Unarmed Combat
  2803 | D:4      | Found a sparkling altar of Nemelex Xobeh.
  2846 | D:4      | Found a burning altar of Makhleb.
  2906 | D:4      | Paralysed by Grinder for 4 turns
  2917 | D:4      | Killed Grinder
  2918 | D:4      | Reached skill level 1 in Throwing
  2918 | D:4      | Reached skill level 1 in Dodging
  2918 | D:4      | Reached XP level 7. HP: 54/66 MP: 7/7
  2952 | D:4      | Found a glowing golden altar of the Shining One.
  3318 | D:4      | Found a runed translucent door.
  3319 | D:4      | Noticed Crazy Yiuf
  3326 | D:4      | Killed Crazy Yiuf
  3394 | D:5      | Entered Level 5 of the Dungeon
  3411 | D:5      | Reached skill level 1 in Evocations
  3496 | D:5      | Found a staircase to the Ecumenical Temple.
  3550 | D:5      | Reached skill level 1 in Stealth
  3762 | D:5      | Noticed a +0 dagger
  3763 | D:5      | Noticed a +0 hand axe
  3776 | D:5      | Reached skill level 7 in Unarmed Combat
  3776 | D:5      | Found a hide-covered altar of Uskayaw.
  3821 | D:5      | Reached XP level 8. HP: 55/75 MP: 8/8
  4443 | D:6      | Found a snail-covered altar of Cheibriados.
  4448 | D:6      | Noticed Maggie
  4460 | D:6      | Killed Maggie
  4521 | D:6      | Reached skill level 8 in Unarmed Combat
  4570 | D:6      | Upgraded the game from 0.29-a0-648-g6b26cc9 to
                  | 0.29-a0-649-g45c230d
  4936 | D:6      | Reached XP level 9. HP: 84/84 MP: 9/9
  5239 | D:7      | Found a shadowy altar of Dithmenos.
  5451 | D:7      | You fall into a shaft and drop 1 floor!
  5459 | D:8      | Found a flagged portal.
  5487 | Bailey   | Entered a bailey
  5816 | Bailey   | Identified the ring of Imireunn {Fly rPois rF+ rC++ Dex+4}
  5826 | Bailey   | Reached skill level 9 in Unarmed Combat
  5957 | Bailey   | Reached skill level 5 in Fighting
  6092 | D:8      | Identified the ring "Baticef" {Will+ EV+4 Int-5 Dex+3
                  | Slay+2}
  6282 | D:7      | Found a runed translucent door.
  6282 | D:7      | Noticed Dega's ghost (novice SpHu)
  6414 | D:7      | Found Zymypu's Antique Weapon Shop.
  6583 | D:7      | Reached XP level 10. HP: 96/96 MP: 10/10
  6797 | D:8      | Found a staircase to the Lair.
  6847 | Lair:1   | Entered Level 1 of the Lair of Beasts
  6861 | Lair:1   | Reached skill level 10 in Unarmed Combat
  6873 | Lair:1   | Noticed a cane toad
  6887 | Lair:1   | Killed a cane toad
  6888 | Lair:1   | Reached skill level 5 in Throwing
  7119 | Lair:1   | Reached skill level 5 in Dodging
  7186 | Lair:1   | Reached skill level 11 in Unarmed Combat
  7324 | Lair:1   | Noticed a cane toad
  7332 | Lair:1   | Killed a cane toad
  7416 | Lair:1   | Reached XP level 11. HP: 105/105 MP: 11/11
  8360 | Lair:2   | Reached skill level 12 in Unarmed Combat
  8558 | Lair:2   | Noticed an oklob plant
  8558 | Lair:2   | Noticed an oklob plant
  9267 | Lair:3   | Reached skill level 13 in Unarmed Combat
  9362 | Lair:3   | Found a staircase to the Snake Pit.
  9549 | Lair:3   | Noticed a death yak
  9549 | Lair:3   | Noticed a death yak
  9571 | Lair:3   | Killed a death yak
  9572 | Lair:3   | Reached XP level 12. HP: 118/118 MP: 12/12
  9572 | Lair:3   | Noticed a death yak
  9574 | Lair:3   | Noticed a death yak
  9574 | Lair:3   | Noticed a death yak
  9575 | Lair:3   | Noticed a death yak
  9578 | Lair:3   | Killed a death yak
  9586 | Lair:3   | Killed a death yak
  9590 | Lair:3   | Killed a death yak
  9593 | Lair:3   | Killed a death yak
  9597 | Lair:3   | Killed a death yak
 10290 | Lair:3   | Reached skill level 14 in Unarmed Combat
 10688 | Lair:4   | Found a staircase to the Shoals.
 10899 | Lair:4   | Noticed a seven-headed hydra
 10910 | Lair:4   | Killed a five-headed hydra
 10934 | Lair:4   | Noticed a catoblepas
 10955 | Lair:4   | Killed a catoblepas
 10956 | Lair:4   | Reached XP level 13. HP: 124/128 MP: 13/13
 11076 | Lair:4   | Got the Grimoire of Stones
 11413 | Lair:5   | Noticed Sonja
 12086 | D:9      | Reached skill level 15 in Unarmed Combat
 12772 | D:9      | Identified the +1 scale mail of Lucevu Koike {+Inv rPois
                  | Str+4 Dex-3}
 12822 | D:10     | Entered Level 10 of the Dungeon
 12822 | D:10     | Found Hatuohe's Weapon Shop.
 12822 | D:10     | Found a staircase to the Orcish Mines.
 13126 | D:10     | Found a radiant altar of Vehumet.
 13294 | D:10     | Found an opulent altar of Gozag.
 13442 | Orc:1    | Entered Level 1 of the Orcish Mines
 13984 | Orc:2    | Entered Level 2 of the Orcish Mines
 14037 | Orc:2    | Found Fiket's Magic Scroll Emporium.
 14169 | Orc:2    | Found Zucoz's Antique Armour Boutique.
 14377 | Orc:1    | Reached skill level 5 in Evocations
 14474 | Orc:2    | Found Bagi's Jewellery Shoppe.
 14621 | Orc:2    | Found Tyfa Surch's Antique Weapon Shoppe.
 14643 | Orc:2    | Reached skill level 16 in Unarmed Combat
 14683 | Orc:2    | Bought an embroidered hat for 210 gold pieces
 14767 | Orc:2    | Bought a ring of see invisible for 270 gold pieces
 14798 | Orc:2    | Bought a scroll of acquirement for 572 gold pieces
 14798 | Orc:2    | Bought a scroll of identify for 22 gold pieces
 14798 | Orc:2    | Bought a scroll of identify for 22 gold pieces
 14819 | Orc:2    | Acquired the +3 hat of Courage {rPois Will+ SInv}
 14832 | Orc:2    | Acquired 1233 gold pieces
 14846 | Orc:2    | Bought the ring "Pox Afu" {Contam rElec Will+ Dex+6 Slay+2}
                  | for 979 gold pieces
 15195 | Orc:2    | Found a staircase to the Elven Halls.
 15487 | Lair:4   | Reached XP level 14. HP: 105/140 MP: 14/14
 15736 | Lair:4   | Killed Sonja
 16210 | Lair:5   | You fall into a shaft and drop 1 floor!
 16210 | Lair:6   | Entered Level 6 of the Lair of Beasts
 16222 | Lair:6   | Reached skill level 10 in Fighting
 16756 | Lair:6   | Reached skill level 17 in Unarmed Combat
 16930 | Lair:6   | Reached skill level 10 in Dodging
 17411 | Lair:6   | Found the +9 heavy crossbow "Sniper" {vorpal, Acc+∞ SInv}
 17470 | Lair:6   | Identified the +1 robe of Freedom {Drain rPois Str+4}
 17856 | Lair:6   | Found a staircase to the Slime Pits.
 18177 | D:11     | Noticed Urug
 18187 | D:11     | Killed Urug
 18388 | D:11     | Noticed Snorg
 18399 | D:11     | Killed Snorg
 18662 | D:12     | Reached skill level 1 in Crossbows
 18662 | D:12     | Reached XP level 15. HP: 101/152 MP: 15/15
 18713 | D:12     | Identified the +0 war axe of the Supporting Gods {freeze,
                  | rF+ MP+9 Int+3}
 19255 | D:13     | Reached skill level 18 in Unarmed Combat
 19556 | D:13     | Identified the +1 robe of the Harvest Moon {Harm}
 19834 | D:14     | Found Aqisud's Weapon Boutique.
 20032 | D:14     | Identified the +2 pair of gloves of the Beggar {rPois
                  | Str+4}
 20113 | D:14     | Noticed Josephine
 20118 | D:14     | Killed Josephine
 20517 | D:14     | Found a gate to the Vaults.
 20607 | D:15     | Entered Level 15 of the Dungeon
 20713 | D:15     | Found a frozen archway.
 20745 | IceCv    | Entered an ice cave
 20885 | IceCv    | Found the +3 pair of mountain boots {rDislodge, rC+}
 21141 | IceCv    | Noticed an Ice Fiend
 21141 | IceCv    | Noticed an Ice Fiend
 21499 | D:15     | Found Besuicw's Jewellery Shop.
 21964 | D:15     | Found a staircase to the Depths.
 23104 | Shoals:1 | Entered Level 1 of the Shoals
 23278 | Shoals:2 | Reached skill level 19 in Unarmed Combat
 23667 | Shoals:2 | Reached XP level 16. HP: 78/163 MP: 16/16
 23887 | Snake:1  | Entered Level 1 of the Snake Pit
 23990 | Snake:1  | Found Baixiduq's Magic Scroll Shop.
 24062 | Snake:1  | Noticed Aizul
 24082 | Lair:3   | Killed Aizul
 24237 | Snake:1  | Bought a scroll of identify for 30 gold pieces
 24455 | Snake:1  | Found Linu's Armour Boutique.
 24685 | Snake:1  | Found Geoquorgh's Distillery.
 24862 | Snake:1  | Found Suah's Antique Armour Emporium.
 24991 | Snake:1  | Bought a fading cloak for 323 gold pieces
 24991 | Snake:1  | Identified the +2 cloak of Soft Rains {Regen+ Int+3 Dex+4}
                  | (You bought it in a shop on level 1 of the Snake Pit)
 25104 | Snake:2  | Noticed Vashnia
 25144 | Snake:2  | Noticed Filu's ghost (journeyman FeMo)
 25144 | Snake:2  | Found a runed translucent door.
 25146 | Snake:2  | Noticed Nikola
 25398 | Snake:2  | Noticed Frances
 25595 | Snake:3  | Noticed Mlioglotl
 25749 | Shoals:2 | Reached skill level 1 in Shields
 26935 | Shoals:4 | Entered Level 4 of the Shoals
 27048 | Shoals:3 | Reached skill level 20 in Unarmed Combat
 27161 | Shoals:4 | Identified the +0 robe "Nuilan" {Will- Dex+4}
 27300 | Shoals:4 | Identified the ring "Ynkausip" {*Corrode rC+ MP+9 Str+4
                  | Int+4}
 27399 | Shoals:4 | Noticed a sphinx
 28045 | Snake:3  | Noticed Louise
 28059 | Snake:3  | Killed Louise
 28105 | Snake:4  | Entered Level 4 of the Snake Pit
 28300 | Snake:4  | Reached skill level 5 in Shields
 28300 | Snake:4  | Reached XP level 17. HP: 173/174 MP: 17/17
 29502 | Snake:4  | Got a serpentine rune of Zot
 29982 | Vaults:1 | Entered Level 1 of the Vaults
 30053 | Vaults:1 | Found Ureanu's Assorted Antiques.
 30068 | Vaults:1 | Bought a scroll of identify for 84 gold pieces
 30083 | Vaults:1 | Found Byck's General Store.
 30167 | Vaults:1 | Reached skill level 1 in Armour
 30755 | Vaults:1 | Noticed Asterion
 30863 | Vaults:1 | Found Keidakk's Book Shop.
 30991 | Vaults:1 | Found Kegh's Jewellery Shop.
 31063 | Vaults:1 | Found Niecsire's General Store.
 31127 | Vaults:1 | Reached XP level 18. HP: 133/185 MP: 18/18
 31296 | Vaults:1 | Reached skill level 21 in Unarmed Combat
 31321 | Vaults:1 | Killed Asterion
 31389 | Vaults:1 | Noticed Donald
 31394 | Vaults:1 | Killed Donald
 31697 | Vaults:1 | Reached skill level 10 in Shields
 31843 | Vaults:1 | You fall into a shaft and drop 1 floor!
 31843 | Vaults:2 | Noticed Mara
 31850 | Vaults:2 | Noticed Illumine's illusion
 31868 | Vaults:2 | Noticed Illumine's illusion
 31873 | Vaults:2 | Killed Mara
 32172 | Snake:2  | Killed Nikola
 32309 | Snake:2  | Killed Vashnia
 32383 | Snake:2  | Identified the +1 long sword "Killer Klown's Death" {flame,
                  | Str+3}
 32468 | Snake:2  | Killed Frances
 33430 | D:7      | Killed Dega's ghost
 33799 | Shoals:1 | Reached XP level 19. HP: 196/196 MP: 19/19
 33900 | Shoals:3 | Reached skill level 5 in Armour
 35034 | Shoals:4 | Got a barnacled rune of Zot
 35430 | Vaults:2 | Reached XP level 20. HP: 206/206 MP: 20/20
 35649 | Vaults:2 | Identified the +1 chain mail of Panluse {rN+ Int+4 Dex-4
                  | Stlth+}
 35997 | Vaults:2 | Found a staircase to the Crypt.
 36342 | Vaults:3 | Noticed Xtahua
 36772 | Vaults:4 | Noticed Saint Roka
 37018 | Vaults:4 | Reached skill level 22 in Unarmed Combat
 37093 | Vaults:4 | Found a flickering gateway to a bazaar.
 37098 | Bazaar   | Entered a bazaar
 37103 | Bazaar   | Found Plog's Book Shop.
 37104 | Bazaar   | Found Owkek's Weapon Boutique.
 37123 | Bazaar   | Found Fixa's Antique Weapon Shoppe.
 37123 | Bazaar   | Found Jitu's Antique Armour Emporium.
 37142 | Bazaar   | Found Kockua's Magic Scroll Shop.
 37147 | Bazaar   | Bought a scroll of blinking for 60 gold pieces
 37147 | Bazaar   | Bought a scroll of teleportation for 24 gold pieces
 37167 | Bazaar   | Found Vishes's Jewellery Boutique.
 37393 | Vaults:4 | Killed Saint Roka
 37965 | Vaults:4 | Reached XP level 21. HP: 215/215 MP: 21/21
 38346 | Vaults:4 | Reached skill level 15 in Shields
 38368 | Vaults:4 | Reached skill level 15 in Fighting
 38431 | Vaults:5 | Entered Level 5 of the Vaults
 38431 | Vaults:5 | Noticed a golden dragon
 38765 | Elf:1    | Entered Level 1 of the Elven Halls
 38765 | Elf:1    | Found Erpheuq's Weapon Emporium.
 38886 | Elf:1    | Found a shimmering blue altar of Sif Muna.
 39395 | Elf:2    | Paralysed by an air elemental for 1 turns
 39400 | Elf:2    | Found a magical portal.
 39426 | WizLab   | Entered Eringya's Formal Garden
 39858 | WizLab   | Found a blossoming altar of Fedhas.
 39996 | WizLab   | Reached skill level 23 in Unarmed Combat
 39996 | WizLab   | Reached XP level 22. HP: 227/227 MP: 22/22
 40374 | Elf:2    | Found a runed translucent gate.
 40376 | Elf:2    | Found a runed translucent gate.
 40376 | Elf:2    | Found a runed translucent gate.
 40722 | Elf:2    | Found Caexuca's Magic Scroll Shop.
 41024 | Elf:3    | Entered Level 3 of the Elven Halls
 41286 | Elf:3    | Reached XP level 23. HP: 236/236 MP: 23/23
 41953 | Elf:3    | Identified the +5 halberd of Ivauvais {pain, rPois Str+2}
 41953 | Elf:3    | Identified the amulet "Nythredgh" {Regen+ Str+4}
 41954 | Elf:3    | Identified the ring of Moodiness {Fire Slay+2}
 42152 | Elf:3    | Reached skill level 24 in Unarmed Combat
 42177 | Elf:3    | Identified the +6 quarterstaff "Transmigrator" {venom,
                  | rPois Str+4 Int-4 Dex+2}
 42442 | Elf:3    | Identified the +5 great sword "Vyce" {holy, Dex+2}
 42582 | Elf:3    | Identified the +6 mace of the Wolf {freeze, Int+2 Dex+9}
 42591 | Elf:3    | Identified the +7 long sword of the Flying Big Fish {flame,
                  | rN+ MP+9 Str+2 Dex-4}
 42592 | Elf:3    | Identified the -1 pair of boots of the Undertaker {Harm
                  | *Slow rN+ MP+9}
 42648 | Elf:3    | Identified the +2 pair of gloves of Amorality {Regen+}
 43039 | Depths:1 | Entered Level 1 of the Depths
 43121 | Depths:1 | Found a shimmering blue altar of Sif Muna.
 43434 | Depths:1 | Found a gateway to Hell.
 43542 | Depths:1 | Found a one-way gateway to a ziggurat.
 43550 | Depths:1 | Identified the +4 falchion "Amuwion" {pain, Drain rPois
                  | Int+6}
 43569 | Depths:1 | Found Tymi Veg's Magic Scroll Boutique.
 43581 | Depths:1 | Bought a scroll of teleportation for 42 gold pieces
 43581 | Depths:1 | Bought a scroll of magic mapping for 49 gold pieces
 43815 | Depths:1 | Found Zosmod's Serpentskin Sales.
 43861 | Depths:1 | Reached skill level 10 in Armour
 44157 | Depths:2 | Noticed a caustic shrike
 44173 | Depths:2 | Killed a caustic shrike
 44470 | Depths:2 | Found a one-way gate leading to the halls of Pandemonium.
 45127 | Depths:2 | Found a one-way gate to the infinite horrors of the Abyss.
 45273 | Depths:2 | Found a stormy altar of Qazlal.
 45739 | Depths:3 | Noticed Sojobo
 45830 | Depths:3 | Paralysed by a floating eye for 4 turns
 46149 | Depths:3 | Killed Sojobo
 46272 | Depths:3 | Found a white marble altar of Elyvilon.
 46316 | Depths:3 | Found a blossoming altar of Fedhas.
 46375 | Depths:3 | Paralysed by a floating eye for 2 turns
 46386 | Depths:3 | Paralysed by a floating eye for 4 turns
 46387 | Depths:3 | HP: 8/241 [spriggan berserker/+0 antimagic war axe (28)]
 46388 | Depths:3 | Mangled by a spriggan berserker

Illustrated notes

Levels and vault maps discovered:
D:1:      ncdulo_watergridlock, layout_basic, basic_ecumenical_altar,
          serial_shops, nicolae_shop_behind_doors, shop
D:2:      layout_loops_corners, serial_bayou_ford_a, minmay_surrounded
D:3:      layout_rooms, cheibrodos_ashenzari_chains, hex_tiny, st_stairs_11
D:4:      layout_loops_ring, nicolae_overflow_squiral, general_overflow_altar,
          nemelex_diamond_rough_becter, uniq_grinder, uniq_crazy_yiuf_cottage,
          uniq_ijyb
D:5:      layout_cave_pods, dancing_weapons_uskayaw,
          minmay_temple_entry_antechambers
D:6:      layout_basic, nicolae_overflow_crystal_walls, minmay_mini_ossuary,
          uniq_maggie
D:7:      dreamdust_elfheim, layout_basic, grunt_dithmenos_smoke_and_mirrors,
          serial_shops, nicolae_shop_overgrown_old_shop, gammafunk_ghost_grave
D:8:      layout_rooms, grunt_lair_entry_orc_guard_hut, enter_bailey_4,
          nrook_mini_vaults
D:9:      layout_basic, st_stairs_5, solitary_fountain
D:10:     layout_roguey, mainiacjoe_overflow_surrounded_room,
          nicolae_gozag_cash_rules_everything_around_me, orc_david_3
D:11:     layout_rooms, uniq_snorg, uniq_urug
D:12:     layout_rooms
D:13:     layout_cave_pools, kennysheep_doodads
D:14:     layout_irregular_city, david_vaults_1, serial_shops, shop,
          minmay_fountain_box, kennysheep_boxes, uniq_josephine
D:15:     grunt_enter_depths_hoard, layout_basic, portal_ice_cave_entry_dragon,
          serial_shops, nicolae_shop_crystal,
          hangedman_abyss_or_decor_lesser_grid
Lair:1:   layout_loops_ring, st_stairs_6
Lair:2:   minmay_lair_oklob_chamber, layout_small_grid
Lair:3:   layout_small_grid, guppyfry_snake_entry_garden, grunt_megastairs_2,
          serial_bayou_shore_a
Lair:4:   layout_loops_ring, elwin_shoals_entry_rocks,
          chequers_serial_rivers_micro_c, lemuel_fruit_fields
Lair:5:   layout_gridlike, uniq_sonja
Lair:6:   minmay_lair_end_frog_pond, layout_cellular_growth, slime_dummy,
          nicolae_quartered_pool_super
Shoals:1: layout_shoals
Shoals:2: layout_shoals, abandoned_shop
Shoals:3: layout_shoals
Shoals:4: shoals_end_hellmonk_lost_city
Snake:1:  layout_misc_corridors, serial_shops, shop, shop, shop_fountains,
          shop_fountains, uniq_aizul
Snake:2:  nicolae_cobra_stairs, layout_cave_town,
          hellmonk_ghost_happy_afterlife, lemuel_fruit_tree, uniq_vashnia,
          uniq_nikola, uniq_frances
Snake:3:  layout_basic, uniq_louise, uniq_mlioglotl
Snake:4:  johnstein_snake_rune_scales, layout_cave_town
Orc:1:    layout_caves, basic_altar
Orc:2:    st_orc_open, layout_caves, basic_altar, minmay_orc_keep
Elf:1:    layout_rooms, basic_altar, serial_shops, shop_statue,
          hangedman_elf_represent
Elf:2:    nicolae_elf_blades_splatter_lattice [nicolae_blade_tridents],
          layout_onion_city, mu_enter_wizlab_1, serial_shops,
          nicolae_take_the_stairs
Elf:3:    elf_hall, layout_geoelf_diagonals,
          hangedman_elven_crosses_minicolossus
Vaults:1: nicolae_vaults_windows_and_doors_thing, v_misc_13,
          nicolae_vaults_network_quincunx
          [nicolae_vaults_network_quincunx_subvault,
          nicolae_vaults_network_quincunx_subvault,
          nicolae_vaults_network_quincunx_subvault,
          nicolae_vaults_network_quincunx_subvault,
          nicolae_vaults_network_quincunx_subvault], hangedman_vaults_nails,
          v_alt_pattern_2, ontoclasm_vaults_chip, vaults_mumra_minichess,
          layout_vaults_omnigrid, serial_shops, shop, nicolae_shop_stone, shop,
          shop_statue, nicolae_square_shop, uniq_asterion, uniq_donald
Vaults:2: minmay_crypt_entry_simple_statues, nicolae_vaults_know_your_exits,
          nicolae_vaults_shelves_hall, nicolae_vaults_angled_halls,
          nicolae_vaults_alarming, ontoclasm_vaults_ring_small,
          ontoclasm_vaults_eye, layout_vaults_maze, uniq_mara
Vaults:3: hangedman_vaults_stitches, nicolae_vaults_little_ls, st_octagons_1,
          v_misc_29, v_misc_30, vaults_mumra_lcd, v_misc_30,
          vaults_room_fancy_cross, nicolae_vaults_little_squares_6,
          grunt_vaults_hallway_long, layout_vaults_ring, uniq_margery,
          uniq_xtahua
Vaults:4: hangedman_vaults_slither, vaults_room_glass_cross, v_misc_18,
          nicolae_vaults_little_squares_2, vaults_dpeg_ring,
          nicolae_vaults_network_star, v_misc_18,
          ontoclasm_vaults_claustrophobia, ontoclasm_vaults_chip,
          vaults_room_grunt_arrival_checkpoint, vaults_mumra_chevron,
          layout_vaults_omnibox, serial_shops, bzr_entry_water, uniq_saint_roka
Vaults:5: serial_shops, uniq_jory
Depths:1: layout_roguey, enter_ziggurat_a, hellmouth_1, serial_shops,
          shop_fountains, nicolae_sif_muna_condensation, guppyfry_shop_venom,
          grunt_megastairs_1, serial_bayou_shore_b
Depths:2: minmay_textured_paths, layout_gridville, grunt_qazlal_clouds,
          rand_demon_pan_entry_5, grunt_metal_band,
          nicolae_abyss_entry_one_way_or_another, st_stairs_1,
          serial_bayou_lagoon_b
Depths:3: minmay_the_grid_octo_tiled_octocenter [minmay_the_grid_octo_pinwheel,
          minmay_the_grid_octo_vomiting_pacman, minmay_the_grid_octo_checkered,
          minmay_the_grid_octo_toaster,
          minmay_the_grid_octo_prize_single_spiral,
          minmay_the_grid_square_5x5_tetrominoes,
          minmay_the_grid_square_5x5_shrine1,
          minmay_the_grid_square_5x5_shuriken,
          minmay_the_grid_square_5x5_inset], layout_gridlike, serial_glass,
          glass_columns_b, glass_columns_b, item_on_display_a,
          abyss_entry_flame_altar, nicolae_elyvilon_peaceful_grove,
          hangedman_coc_ice_floe, fedhas_altar_1, uniq_sojobo

Skill      XL: |  1  2  3  4  5  6  7  8  9 10 11 12 13 14 15 16 17 18 19 20 21 22 23 |
---------------+----------------------------------------------------------------------+-----
Unarmed Combat | 1 2 3 4 5 6 7 8 9 11 13 14 16 17 19 20 21 22 23 24 | 24.9
Throwing       | 1 2 3 4 5 6 |  6.2
Dodging        | 1 2 3 4 5 7 8 9 10 11 12 | 12.0
Evocations     | 1 2 3 4 5 |  5.0
Fighting       | 3 4 5 6 7 8 9 10 11 12 13 14 15 16 | 16.9
Stealth        | 1 |  1.0
Long Blades    | 3 4 |  4.0
Crossbows      | 1 3 4 |  4.1
Shields        | 5 9 11 12 14 15 16 | 16.5
Armour         | 2 4 5 7 8 9 10 | 10.7
Spellcasting   | |  1.0
Fire Magic     | |  2.1

Action                   |  1- 3 |  4- 6 |  7- 9 | 10-12 | 13-15 | 16-18 | 19-21 | 22-24 || total
-------------------------+-------+-------+-------+-------+-------+-------+-------+-------++-------
Melee: Falchion          |    62 |       |       |     2 |    14 |       |       |       ||    78
       Unarmed           |    95 |   140 |   336 |   465 |  1010 |  1104 |  1046 |   861 ||  5057
       Punch             |     1 |     2 |    17 |    45 |   117 |    25 |       |       ||   207
 Fire: Heavy crossbow    |       |       |       |       |    95 |    50 |       |       ||   145
Throw: Dart              |       |       |     9 |    25 |     6 |       |       |       ||    40
       Boomerang         |       |       |       |       |    36 |       |       |       ||    36
       Large rock        |       |       |       |       |     1 |       |    14 |    17 ||    32
       Javelin           |       |       |       |       |       |    20 |       |       ||    20
 Cast: Scorch            |       |       |     2 |       |       |       |       |       ||     2
Invok: Fiery Armour      |       |     2 |     4 |     3 |     1 |     3 |       |       ||    13
Evoke: Wand              |       |     2 |     4 |    20 |       |     5 |     2 |     4 ||    37
       Tin of tremorston |       |       |       |       |     2 |     4 |     3 |     3 ||    12
       Phantom mirror    |       |       |       |       |       |     3 |     1 |     1 ||     5
       Phial of floods   |       |       |       |       |       |       |     1 |     1 ||     2
  Use: Scroll            |       |       |     6 |     3 |    18 |    22 |    13 |     6 ||    68
       Potion            |       |       |       |     1 |     1 |     8 |     1 |       ||    11
 Stab: Sleeping          |       |       |     1 |     1 |     2 |     1 |       |       ||     5
       Distracted        |       |       |       |       |     1 |     1 |       |     1 ||     3
       Petrified         |       |       |       |       |     2 |       |       |       ||     2
       Invisible         |       |       |       |       |       |     2 |       |    11 ||    13
       Confused          |       |       |       |       |       |     3 |       |       ||     3
Armor: Robe              |    74 |    32 |    39 |       |   104 |    86 |       |       ||   335
       Steam dragon scal |       |       |    93 |   112 |   140 |       |       |       ||   345
       Ice dragon scales |       |       |       |       |       |    77 |   195 |    58 ||   330
       Fire dragon scale |       |       |       |       |       |       |       |    80 ||    80
Dodge: Dodged            |    95 |    89 |   260 |   305 |   762 |   549 |   325 |   162 ||  2547
Block: Other             |       |       |       |       |    63 |    40 |       |       ||   103
       Reflection        |       |       |       |       |     6 |   112 |   168 |    65 ||   351
       Tower shield      |       |       |       |       |       |  1064 |  1192 |   824 ||  3080

Table legend: (Time is in decaauts)
 A = Elapsed time spent in this place.
 B = Non-inter-level travel time spent in this place.
 C = Inter-level travel time spent in this place.
 D = Time resting spent in this place.
 E = Time spent auto-exploring this place.
 F = Levels seen in this place.
 G = Mean time per level.
                   A        B        C        D        E       F      G
               +--------+--------+--------+--------+--------+-----+--------+
         Total |  45816 |  41431 |   4385 |   7208 |  19048 |  46 |  996.0 |
       Dungeon |  13574 |  12059 |   1515 |   1228 |   7845 |  15 |  904.9 |
          Lair |   8194 |   7217 |    977 |   1596 |   3751 |   6 | 1365.7 |
        Shoals |   4320 |   3821 |    499 |   1185 |    893 |   4 | 1080.0 |
     Snake Pit |   4841 |   4389 |    452 |   1082 |   1100 |   4 | 1210.2 |
  Orcish Mines |   1715 |   1401 |    314 |    266 |    576 |   2 |  857.5 |
   Elven Halls |   3272 |   3136 |    136 |    264 |   1269 |   3 | 1090.7 |
        Vaults |   4891 |   4532 |    359 |    376 |   2063 |   5 |  978.2 |
        Depths |   3205 |   3075 |    130 |    766 |   1393 |   3 | 1068.3 |
        Bazaar |     95 |     95 |      0 |      0 |      4 |   1 |   95.0 |
        Bailey |    567 |    567 |      0 |    137 |     13 |   1 |  567.0 |
      Ice Cave |    439 |    439 |      0 |    203 |      0 |   1 |  439.0 |
        Wizlab |    696 |    696 |      0 |    103 |    139 |   1 |  696.0 |
               +--------+--------+--------+--------+--------+-----+--------+

Top non-repeatable levels by time:
    D:15: 2008 daAuts
  Lair:3: 2006 daAuts
Vaults:1: 1896 daAuts
Depths:2: 1822 daAuts
  Lair:4: 1794 daAuts
Shoals:3: 1719 daAuts
Vaults:4: 1555 daAuts
   Elf:3: 1483 daAuts
 Snake:4: 1457 daAuts
  Lair:6: 1452 daAuts
 Snake:1: 1431 daAuts
 Snake:2: 1345 daAuts
   Elf:2: 1208 daAuts
Shoals:2: 1116 daAuts
  Lair:2: 1089 daAuts
